 Dungeon Sprint DCSS version 0.29.1-12-g30fa7ad0bf (webtiles) character file.

Game seed: 14421397559288855378

10318 Groucho the Unseen (level 11, -29/62 HPs)
             Began as a Spriggan Enchanter on Dec 19, 2022.
             Was the Champion of Dithmenos.
             Annihilated by a kraken (41 damage)
             ... in the Dungeon (Sprint II: "The Violet Keep of Menkaure").
             The game lasted 00:20:02 (1971 turns).

Groucho the Unseen (Spriggan Enchanter)             Turns: 1971, Time: 00:20:03

Health: -29/62     AC:  4    Str:  8    XL:     11   Next: 34%
Magic:  25/29      EV: 18    Int: 17    God:    Dithmenos [******]
Gold:   11         SH:  0    Dex: 22    Spells: 24/37 levels left

rFire   . . .      SeeInvis +   d - +12 dagger "Dragon's Tongue" {holy, Dex+4}
rCold   . . .      Faith    .   (no shield)
rNeg    + . .      Spirit   .   a - +1 robe {Will+}
rPois   +          Reflect  .   (helmet restricted)
rElec   .          Harm     .   l - +0 cloak
rCorr   .          Rampage  .   (gloves unavailable)
Will    ++...      NoTele   +   (boots unavailable) Stlth **++++++++
                                k - amulet of the Sunfish {RegenMP rPois rN+ Dex+2}
HPRegen 0.20/turn               c - ring of flight
MPRegen 0.61/turn               (no ring)

@: flying, wreathed by umbra, very quick
A: very small, no large weapons, unfitting armour, see invisible, speed 3
a: Renounce Religion, Shadow Step, Shadow Form


You were in the Dungeon.
You worshipped Dithmenos.
Dithmenos was exalted by your worship.
You visited 1 branch You collected 1718 gold pieces.
You spent 1707 gold pieces at shops.

Inventory:

Hand Weapons
 d - the +12 dagger "Dragon's Tongue" (weapon) {holy, Dex+4}
   (You bought it in a shop in the Dungeon)

   It has been blessed by the Shining One to cause great damage to the undead
   and demons.
   Dex:       It affects your dexterity (+4).
 i - the +4 dagger of Earthquakes {pain, Drain rN+ Int+4}
   (You found it in the Dungeon)

   In the hands of one skilled in necromantic magic, it inflicts extra damage on
   living creatures.
   Int:       It affects your intelligence (+4).
   rN:        It protects you from negative energy.
   Drain:     It drains your maximum health when unequipped.
Armour
 a - a +1 robe of willpower (worn)
 l - a +0 cloak (worn)
Jewellery
 c - a ring of flight (left hand)
 k - the amulet of the Sunfish (around neck) {RegenMP rPois rN+ Dex+2}
   (You bought it in a shop in the Dungeon)

   [amulet of magic regeneration]

   It increases your rate of magic regeneration.
   Dex:       It affects your dexterity (+2).
   rPois:     It protects you from poison.
   rN:        It protects you from negative energy.
Scrolls
 h - 2 scrolls of blinking
Potions
 b - 3 potions of flight {unknown}
 f - 2 potions of experience {unknown}
 g - 2 potions of magic
 j - 3 potions of haste
 m - a potion of degeneration


   Skills:
 + Level 9.0 Fighting
 - Level 10.0 Short Blades
 - Level 2.6 Dodging
 - Level 17.0 Stealth
 + Level 13.7 Spellcasting
 * Level 8.3 Conjurations
 + Level 14.2 Hexes
 * Level 9.9 Earth Magic
 - Level 5.0 Invocations


You had 24 spell levels left.
You knew the following spells:

 Your Spells              Type           Power      Damage    Failure   Level
a - Confusing Touch       Hex            56%        N/A       1%          3
b - Ensorcelled Hibernat  Hex/Ice        70%        N/A       1%          2
c - Passwall              Tmut/Erth      23%        N/A       1%          2
d - Dazzling Flash        Conj/Hex       100%       N/A       1%          3
e - Tukima's Dance        Hex            56%        N/A       1%          3

Your spell library contained the following spells:

 Spells                   Type           Power      Damage    Failure   Level
 Swiftness                Air            11%        N/A       17%         3


Dungeon Overview and Level Annotations

Branches:
Dungeon (1/1)

Altars:
Cheibriados
Dithmenos
Elyvilon
Fedhas
Gozag
Hepliaklqana
Kikubaaqudgha
Makhleb
Nemelex Xobeh
Okawaru
Qazlal
Ru
Sif Muna
Trog
Uskayaw
Vehumet
Wu Jian
Xom
Yredelemnul
Zin
The Shining One
Jiyva
Lugonu

Shops:
D :[[!![:=!?([===

Annotations:
D exclusion: oklob plant, Roxanne


Innate Abilities, Weirdness & Mutations

You are very small and have problems with some larger weapons.
You are too small for most types of armour.
You have supernaturally acute eyesight. (SInv)
You cover ground extremely quickly. (Speed+++)


Message History

A kraken comes into view.
Aiming: Shadow Step
Press: ? - help, Dir - move target, f - kraken
Aim: a kraken (water, asleep, umbra)
You step into the kraken's shadow.
The helpless kraken fails to defend itself.
You spit the kraken like a pig!!!!!
The kraken is severely wounded.
The kraken bites you!!
You emit a cloud of dark smoke.
You feel much better.
Tentacles burst out of the water! 4 tentacles come into view.
Casting: Ensorcelled Hibernation (safe; 1% risk of failure)
Confirm with . or Enter, or press ? or * to list all spells.
Your hands begin to glow red.
The kraken barely misses you.
The tentacle barely misses you. x2; The tentacle slaps you!!
You emit a cloud of dark smoke.
The kraken squirts a massive cloud of ink into the water!
Casting: Confusing Touch (safe; 1% risk of failure)
Confirm with . or Enter, or press ? or * to list all spells.
You don't know that spell.
You hit the kraken but do no damage.
The kraken is severely wounded.
Your shadow hits the kraken but does no damage.
The tentacle barely misses you. The tentacle completely misses you.
The tentacle misses you.
You hit the kraken but do no damage.
The kraken is severely wounded.
The tentacle misses you.
The kraken squirts a massive cloud of ink into the water!
The tentacle slaps you but does no damage.
The tentacle barely misses you.
You hit the kraken but do no damage.
The kraken appears confused.
The kraken is severely wounded.
Your shadow hits the kraken but does no damage.
The tentacle slaps you!!
* * * LOW HITPOINT WARNING * * *
You emit a cloud of dark smoke.
The tentacle barely misses you. The tentacle closely misses you.
The kraken bites you!!!
Ouch! That really hurt!
You die...

.# :▓)($??$"[▓▓
####▓[!(?[$$$▓▓
##)#▓!$)?![$$▓▓
#..#▓?!$?=[$!▓▓
#..#▓=!$$)[):▓▓
##.#▓[$()!$?)▓▓
..##▓▓▓▓▓▓▓+▓▓▓▓+▓
~~~~~~~~~~~...ww§▓
+########+###§§X@▓
..._._._#~~~##§ww▓
_._._._.#§~≈§####▓
._._._._#~~§~≈#
_._._._.#§§S§≈≈
._._._..#§§§~§≈
_._._...#§S~§≈
._._....#~§§
.._.....#~≈§


You could see a kraken (confused) and 4 tentacles.

Vanquished Creatures
  A deep elf master archer (D)
  A crystal guardian (D)
  An ice dragon (D)
  A death yak (D)
  2 death drakes (D)
  3 manticores (D)
  3 shining eyes (D)
  A yaktaur (D)
  A hornet (D)
  3 slime creatures (D)
  3 polar bears (D)
  7 wyverns (D)
  Menkaure (D)
  4 neqoxecs (D)
  2 swamp drakes (D)
  A water moccasin (D)
  3 black bears (D)
  4 necrophages (D)
  A scorpion (D)
  A spectral adder (D)
  3 worms (D)
  A spectral ball python (D)
48 creatures vanquished.

Vanquished Creatures (others)
  A water moccasin (D)
1 creature vanquished.

Grand Total: 49 creatures vanquished

Notes
Turn   | Place    | Note
-------+----------+-------------------------------------------
     0 | D        | Groucho the Spriggan Enchanter began the quest for the Orb.
     0 | D        | Reached XP level 1. HP: 9/9 MP: 5/5
     1 | D        | Noticed a neqoxec
     7 | D        | Noticed a wyvern
     7 | D        | Noticed a wyvern
    10 | D        | Noticed a necrophage
    10 | D        | Noticed a necrophage
    10 | D        | Noticed a necrophage
    10 | D        | Noticed a necrophage
    17 | D        | Reached skill level 5 in Stealth
    20 | D        | Reached skill level 6 in Stealth
    21 | D        | Reached XP level 2. HP: 13/13 MP: 5/7
    36 | D        | Killed a necrophage
    37 | D        | Reached skill level 9 in Stealth
    37 | D        | Reached skill level 5 in Spellcasting
    37 | D        | Reached XP level 3. HP: 12/16 MP: 5/10
    37 | D        | Reached XP level 4. HP: 15/21 MP: 6/12
    48 | D        | Killed a necrophage
    49 | D        | Reached skill level 1 in Fighting
    49 | D        | Reached skill level 11 in Stealth
    52 | D        | Killed a necrophage
    53 | D        | Reached skill level 12 in Stealth
    53 | D        | Reached XP level 5. HP: 19/26 MP: 9/15
   192 | D        | Noticed Menkaure
   198 | D        | Learned a level 3 spell: Confusing Touch
   212 | D        | Killed Menkaure
   213 | D        | Reached skill level 13 in Stealth
   213 | D        | Reached XP level 6. HP: 29/32 MP: 14/17
   338 | D        | Killed a wyvern
   339 | D        | Reached skill level 5 in Short Blades
   339 | D        | Reached skill level 14 in Stealth
   345 | D        | Learned a level 2 spell: Ensorcelled Hibernation
   355 | D        | Killed a wyvern
   356 | D        | Reached skill level 15 in Stealth
   356 | D        | Reached XP level 7. HP: 31/37 MP: 13/20
   363 | D        | Killed a neqoxec
   364 | D        | Noticed a neqoxec
   365 | D        | Killed a neqoxec
   366 | D        | Reached skill level 16 in Stealth
   366 | D        | Noticed a neqoxec
   366 | D        | Noticed a neqoxec
   368 | D        | Killed a neqoxec
   369 | D        | Reached skill level 5 in Fighting
   370 | D        | Killed a neqoxec
   371 | D        | Reached XP level 8. HP: 37/43 MP: 14/22
   393 | D        | Found Eriett's Jewellery Emporium.
   394 | D        | Found Zemuf's Distillery.
   394 | D        | Found Dabaujos's Jewellery Emporium.
   394 | D        | Found Xoykhy's Distillery.
   394 | D        | Found Plog's Book Shoppe.
   394 | D        | Found Suju's Antique Weapon Shoppe.
   394 | D        | Found Ugufimo's Distillery.
   394 | D        | Found Ysauku's Jewellery Shoppe.
   394 | D        | Found Jaimu's Antique Armour Emporium.
   394 | D        | Found Jikaqul's Jewellery Shoppe.
   394 | D        | Found Dasytono's Magic Scroll Emporium.
   395 | D        | Found Zuot's Armour Shoppe.
   395 | D        | Found Riugam's Antique Armour Emporium.
   396 | D        | Found Gogenir's Antique Armour Shoppe.
   430 | D        | Reached skill level 17 in Stealth
   430 | D        | Reached skill level 10 in Hexes
   625 | D        | Noticed an oklob plant
   626 | D        | Found Galah's Book Shoppe.
   629 | D        | Noticed a cane toad
   629 | D        | Noticed a cane toad
   635 | D        | Noticed a hell hog
   636 | D        | Noticed a hell hog
   669 | D        | Bought a ring of flight for 175 gold pieces
   679 | D        | Bought a book of Burglary for 220 gold pieces
   682 | D        | Learned a level 2 spell: Passwall
   686 | D        | Learned a level 3 spell: Dazzling Flash
   690 | D        | Learned a level 3 spell: Tukima's Dance
   716 | D        | Found a glowing golden altar of the Shining One.
   716 | D        | Found an ornate altar of the Wu Jian Council.
   717 | D        | Found a shimmering altar of Xom.
   717 | D        | Found a sacrificial altar of Ru.
   718 | D        | Found a basalt altar of Yredelemnul.
   718 | D        | Found a shimmering blue altar of Sif Muna.
   719 | D        | Found a stormy altar of Qazlal.
   719 | D        | Found a viscous altar of Jiyva.
   724 | D        | Found a hazy altar of Hepliaklqana.
   726 | D        | Found a bloodstained altar of Trog.
   726 | D        | Found an ancient bone altar of Kikubaaqudgha.
   726 | D        | Found a glowing silver altar of Zin.
   726 | D        | Found a snail-covered altar of Cheibriados.
   726 | D        | Noticed a polar bear
   727 | D        | Found a corrupted altar of Lugonu.
   727 | D        | Found a hide-covered altar of Uskayaw.
   727 | D        | Found a shadowy altar of Dithmenos.
   728 | D        | Found a white marble altar of Elyvilon.
   728 | D        | Found a burning altar of Makhleb.
   728 | D        | Found a radiant altar of Vehumet.
   733 | D        | Found a blossoming altar of Fedhas.
   733 | D        | Found an opulent altar of Gozag.
   733 | D        | Found a sparkling altar of Nemelex Xobeh.
   733 | D        | Found an iron altar of Okawaru.
   733 | D        | Noticed Roxanne
   738 | D        | Became a worshipper of Dithmenos the Shadowed
  1163 | D        | Bought a warped dagger for 112 gold pieces
  1163 | D        | Identified the +12 dagger "Dragon's Tongue" {holy, Dex+4}
                  | (You bought it in a shop in the Dungeon)
  1191 | D        | Bought a glowing robe for 74 gold pieces
  1197 | D        | Bought a runed robe for 107 gold pieces
  1225 | D        | Bought a potion of invisibility for 104 gold pieces
  1233 | D        | Bought a potion of heal wounds for 55 gold pieces
  1274 | D        | Noticed a yaktaur
  1274 | D        | Noticed a hornet
  1275 | D        | Noticed a polar bear
  1275 | D        | Noticed a polar bear
  1276 | D        | Killed a polar bear
  1277 | D        | Reached skill level 10 in Spellcasting
  1277 | D        | Killed a polar bear
  1277 | D        | Reached * piety under Dithmenos
  1279 | D        | Killed a polar bear
  1280 | D        | Reached skill level 1 in Conjurations
  1280 | D        | Reached skill level 1 in Earth Magic
  1280 | D        | Reached skill level 1 in Invocations
  1280 | D        | Killed a hornet
  1281 | D        | Reached XP level 9. HP: 49/49 MP: 22/24
  1282 | D        | Killed a yaktaur
  1282 | D        | Reached ** piety under Dithmenos
  1288 | D        | Noticed a death drake
  1293 | D        | Noticed a death drake
  1293 | D        | Noticed a crystal guardian
  1296 | D        | Killed a crystal guardian
  1297 | D        | Reached skill level 10 in Short Blades
  1298 | D        | Killed a death drake
  1298 | D        | Reached *** piety under Dithmenos
  1299 | D        | Reached skill level 5 in Earth Magic
  1300 | D        | Killed a death drake
  1301 | D        | Reached XP level 10. HP: 55/55 MP: 24/26
  1310 | D        | Noticed a deep elf master archer
  1315 | D        | Killed a deep elf master archer
  1316 | D        | Reached skill level 5 in Conjurations
  1316 | D        | Reached skill level 5 in Invocations
  1320 | D        | Noticed an ice dragon
  1322 | D        | Killed an ice dragon
  1336 | D        | Reached **** piety under Dithmenos
  1353 | D        | Reached ***** piety under Dithmenos
  1411 | D        | Noticed a shining eye
  1411 | D        | Noticed a shining eye
  1411 | D        | Noticed a shining eye
  1411 | D        | Noticed a manticore
  1411 | D        | Noticed a death yak
  1411 | D        | Noticed a manticore
  1412 | D        | Noticed a manticore
  1413 | D        | Killed a death yak
  1414 | D        | Killed a manticore
  1415 | D        | Reached XP level 11. HP: 60/60 MP: 27/29
  1499 | D        | Reached ****** piety under Dithmenos
  1522 | D        | Killed a shining eye
  1750 | D        | Killed a shining eye
  1751 | D        | Killed a shining eye
  1777 | D        | Identified the +4 dagger of Earthquakes {pain, Drain rN+
                  | Int+4}
  1864 | D        | Bought the amulet of the Sunfish {RegenMP rPois rN+ Dex+2}
                  | for 644 gold pieces
  1871 | D        | Bought a scroll of blinking for 97 gold pieces
  1877 | D        | Bought a cloak for 108 gold pieces
  1892 | D        | Bought a potion of degeneration for 11 gold pieces
  1964 | D        | Noticed a kraken
  1971 | D        | Annihilated by a kraken

Illustrated notes

Levels and vault maps discovered:
D:        the_violet_keep_of_menkaure [sprint2_stairs_cluster_1,
          sprint2_shoproom, sprint2_temple, sprint2_basic_supplies,
          sprint2_obstacle_5, sprint2_obstacle_6, sprint2_obstacle_7,
          sprint2_obstacle_3, sprint2_obstacle_4, sprint2_timed_cluster_1,
          sprint2_smallroom_cluster_1, sprint2_smallroom_final_cluster_1,
          sprint2_transparent_cluster_1, sprint2_second_timed_cluster_1,
          sprint2_sniper_area_1, sprint2_heavy_combat_area_1,
          sprint2_mutation_trap_area_1, sprint2_forest_area_1,
          sprint2_light_combat_area_1, sprint2_behind_water_1,
          sprint2_near_end_vault_1]

Skill      XL: |  1  2  3  4  5  6  7  8  9 10 11 |
---------------+----------------------------------+-----
Stealth        | 6 9 12 13 15 16 17 | 17.0
Spellcasting   | 3 5 6 7 8 9 10 11 13 | 13.7
Hexes          | 4 6 7 8 9 11 12 13 14 | 14.2
Fighting       | 2 4 5 6 7 8 9 |  9.0
Short Blades   | 3 4 5 7 8 10 | 10.0
Conjurations   | 1 4 7 8 |  8.3
Earth Magic    | 2 5 8 9 |  9.9
Invocations    | 1 4 5 |  5.0
Dodging        | |  2.6

Action                   |  1- 3 |  4- 6 |  7- 9 | 10-12 || total
-------------------------+-------+-------+-------+-------++-------
Melee: Dagger            |     8 |    23 |    31 |    39 ||   101
       Punch             |       |     1 |       |       ||     1
 Cast: Confusing Touch   |       |     3 |     2 |     5 ||    10
       Ensorcelled Hiber |       |       |     2 |    10 ||    12
       Passwall          |       |       |     2 |       ||     2
       Dazzling Flash    |       |       |       |     1 ||     1
Invok: Shadow Step       |       |       |       |     2 ||     2
  Use: Potion            |     2 |     2 |     2 |     2 ||     8
       Scroll            |       |       |       |     1 ||     1
 Stab: Sleeping          |     5 |     1 |    15 |    19 ||    40
       Confused          |       |     1 |     1 |     1 ||     3
       Invisible         |       |     3 |       |     1 ||     4
Armor: Robe              |       |       |       |     3 ||     3
Dodge: Dodged            |     4 |     8 |     9 |    24 ||    45
